 Dungeon Crawl Stone Soup version 0.31-a0-237-g2d982f9f85 (webtiles) character file.

Game seed: 15238240504508058654

47 qw the Shooter (level 3, -1/21 HPs)
             Began as a Gargoyle Hexslinger on July 11, 2023.
             Slain by a hobgoblin (2 damage)
             ... on level 2 of the Dungeon.
             The game lasted 00:00:25 (538 turns).

qw the Shooter (Gargoyle Hexslinger)                 Turns: 538, Time: 00:00:25

Health: -1/21      AC:  8    Str: 11    XL:     3   Next: 70%
Magic:  4/4        EV:  7    Int: 13    God:
Gold:   1024       SH:  0    Dex: 14    Spells: 3/4 levels left

rFire   . . .        Y - +1 sling
rCold   . . .        (no shield)
rNeg    + . .        i - +0 ring mail
rPois   inf          (no helmet)
rElec   +            (no cloak)
rCorr   .            (no gloves)
SInv    .            (no boots)
Will    .....        (no amulet)
Stlth   +            (no ring)
HPRegen 0.23/turn    (no ring)
MPRegen 0.09/turn

%: no passive effects
@: constricted
A: sickness immunity, AC +3, negative energy resistance 1, electricity
resistance, torment resistance 1, petrification resistance
a: no special abilities


You were on level 2 of the Dungeon.
You visited 1 branch of the dungeon, and saw 2 of its levels.

You collected 1024 gold pieces.


Innate Abilities, Weirdness & Mutations

You are immune to sickness and miasma.
Your stone body is resilient. (AC +3)
You are immune to poison.
You resist negative energy. (rN+)
You are resistant to electric shocks. (rElec)
You are resistant to unholy torment.
You are immune to petrification.


   Skills:
 - Level 2.0 Fighting
 + Level 3.6 Ranged Weapons
 - Level 1.5 Dodging
 - Level 1.0 Spellcasting
 - Level 2.6 Hexes


You had 3 spell levels left.
You knew the following spells:

 Your Spells              Type           Power      Damage    Failure   Level
a - Slow                  Hex            28%        N/A       22%         1

Your spell library contained the following spells:

 Spells                   Type           Power      Damage    Failure   Level
 Inner Flame              Hex/Fire       4%         N/A       75%         3
 Portal Projectile        Hex/Tloc       8%         N/A       75%         3
 Cause Fear               Hex            3%         N/A       92%         4

Inventory:

Hand Weapons
 Y - a +1 sling (weapon)
Armour
 i - a +0 ring mail (worn)
Jewellery
 b - a +6 ring of strength
Potions
 g - a potion of degeneration {unknown}
 k - a potion of attraction {unknown}

Dungeon Overview and Level Annotations

Branches:
Dungeon (2/15)

Altars:


Message History

The sling bullet closely misses the orc.
The orc closely misses you.
You shoot a sling bullet. The sling bullet barely misses the orc.
Your surroundings suddenly seem different.
A hobgoblin and a quokka come into view.
Found a plate armour.
Found a stone staircase leading down.
530 ||| FLEEEEING.
A ball python comes into view.
Found a dark potion.
The ball python hisses angrily.
531 ||| FLEEEEING.
532 ||| FLEEEEING.
You shoot a sling bullet.
The sling bullet closely misses the quokka.
You shoot a sling bullet. The sling bullet hits the quokka.
The quokka is moderately wounded.
The quokka bites you but does no damage.
You shoot a sling bullet. The sling bullet hits the quokka.
The quokka is heavily wounded.
The quokka barely misses you.
The quokka bites you but does no damage.
The orc misses you.
You shoot a sling bullet. The sling bullet hits the quokka.
The quokka is heavily wounded.
The quokka closely misses you. The ball python barely misses you. x2
The hobgoblin barely misses you. The orc hits you but does no damage.
The quokka barely misses you.
You shoot a sling bullet. The sling bullet hits the quokka.
The quokka is severely wounded.
The ball python bites you but does no damage.
The ball python grabs you. The ball python constricts you.
The quokka bites you.
The hobgoblin hits you but does no damage.
The orc hits you but does no damage.
The ball python bites you but does no damage.
The ball python constricts you.
You shoot a sling bullet.
The sling bullet closely misses the ball python.
The quokka bites you but does no damage.
The orc barely misses you. The hobgoblin hits you.
You die...

# #. .#..# .....# #.###o
..#.# .......#
#.#..)##.##.# ........##.
.###..##..##.#
..........###.#..#.......#
......#(....#.#.##.......#
..!....#....#..##..####.##
........S.o.......# .#
#...r@##...##### #
##...g........#
#......#......#
............#<....#
..##..#..##.#.....#
#.[...###...%...# ...##.>#
#.#..#### ...# #..# #....#
... #..# #....#


You could see an orc, a quokka, a hobgoblin and a ball python.

Vanquished Creatures
  2 adders (D:2)
  A worm (D:2)
  2 bats (D:1)
  2 endoplasms
  2 giant cockroaches
  A hobgoblin (D:2)
  3 quokkas
  8 ball pythons
  5 kobolds
  2 rats (D:1)
28 creatures vanquished.

Notes
Turn   | Place    | Note
-------+----------+-------------------------------------------
     0 | D:1      | qw the Gargoyle Hexslinger began the quest for the Orb.
     0 | D:1      | Reached XP level 1. HP: 12/12 MP: 2/2
     0 | D:1      | 0 ||| qw: Version: 0.3-a-52-g30416fa
     0 | D:1      | 0 ||| qw: Game counter: 5398
     0 | D:1      | 0 ||| qw: Melee chars always use a shield: true
     0 | D:1      | 0 ||| qw: God list: Okawaru
     0 | D:1      | 0 ||| qw: Allow faded altars: false
     0 | D:1      | 0 ||| qw: Do Orc after clearing Dungeon:15 true
     0 | D:1      | 0 ||| qw: Do second Lair branch before Depths: true
     0 | D:1      | 0 ||| qw: Lair rune preference: random
     0 | D:1      | 0 ||| qw: Goals: Normal
     0 | D:1      | 0 ||| PLANNING D:1-11
    63 | D:1      | Found a faded altar of an unknown god.
    79 | D:1      | Reached XP level 2. HP: 16/16 MP: 3/3
   184 | D:1      | Reached skill level 3 in Ranged Weapons
   417 | D:1      | 417 ||| UPGRADING to +0 ring mail.
   427 | D:1      | 427 ||| DROPPING +0 robe.
   428 | D:1      | 428 ||| DROPPING ring of wizardry.
   429 | D:1      | 429 ||| READING 2 scrolls labelled OTANIWODAWN.
   433 | D:1      | 433 ||| READING scroll labelled GIF OK GAOZU.
   434 | D:1      | 434 ||| READING scroll labelled CIPANU MYOS.
   435 | D:1      | 435 ||| READING scroll labelled TINESHESTRU.
   436 | D:1      | 436 ||| READING scroll labelled YBIS GEROUMOUDGH.
   436 | D:1      | Identified a scroll of acquirement
   436 | D:1      | 436 ||| ACQUIRING 996 gold pieces
   436 | D:1      | Acquired 996 gold pieces
   438 | D:1      | 438 ||| DROPPING scroll of poison.
   453 | D:2      | Reached XP level 3. HP: 21/21 MP: 4/4
   513 | D:2      | Identified the +1 scale mail "Molysol" {Dex+4}
   525 | D:2      | HP: 2/21 [orc/+0 trident (6)]
   526 | D:2      | 526 ||| READING scroll of teleportation.
   530 | D:2      | 530 ||| FLEEEEING.
   531 | D:2      | 531 ||| FLEEEEING.
   532 | D:2      | 532 ||| FLEEEEING.
   537 | D:2      | HP: 1/21 [quokka (4)]
   538 | D:2      | Slain by a hobgoblin

Levels and vault maps discovered:
D:1:      dpeg_arrival_simpleton_c, layout_rooms,
          hellmonk_ecumenical_altar_leap_of_faith, nrook_mini_vaults
D:2:      layout_rooms, minmay_pentomino_pile, uniq_robin

Skill      XL: |  1  2 |
---------------+-------+-----
Ranged Weapons | 3 |  3.6
Fighting       | 2 |  2.0
Dodging        | |  1.5
Spellcasting   | |  1.0
Hexes          | |  2.6

Action                     || total
---------------------------++-------
   Fire: Sling             ||   112
    Use: Scroll            ||     6
 Armour: Robe              ||     6
         Ring mail         ||    24
  Dodge: Dodged            ||    62

Table legend:
 A = Non-vault XP
 B = Vault XP
 C = Vault XP percentage of total XP
 D = Non-vault monster count
 E = Vault monster count
 F = Vault count percentage of total count
                 A         B        C        D         E       F
            +---------+---------+-------+---------+---------+-------
      Total |      38 |      30 |  44.1 |      24 |       4 |  14.3
            +---------+---------+-------+---------+---------+-------
        D:1 |      21 |       0 |   0.0 |      16 |       0 |   0.0
        D:2 |      17 |      30 |  63.8 |       8 |       4 |  33.3
            +---------+---------+-------+---------+---------+-------
